SL
AUSTIN RANGERS @ NORTHERN VIRGINIA RETRIEVERS
09/20/2020
 
TOP OF THE 1ST
Austin Rangers batting - Pitching for Northern Virginia Retrievers : RHP Brian Wheeler
Pitching: RHP Brian Wheeler
Batting: LHB Phil Ritchie 0-0: Called Strike
0-1: Ball
1-1: Ball
2-1: Foul Ball, location: 2F
2-2: Ball
3-2: DOUBLE (Groundball, 3L)
Batting: SHB Todd Schenkel 0-0: Swinging Strike
0-1: Swinging Strike
0-2: Ball
1-2: Fly out, F8 (Flyball, 8RM)
Batting: LHB Trent Kershaw 0-0: Swinging Strike
0-1: Called Strike
0-2: Ball
1-2: Ball
2-2: Strikes out swinging
Batting: RHB Justin Maldonado 0-0: Called Strike
0-1: Ball
Wild Pitch!
Phil Ritchie to third
1-1: Ball
2-1: Foul Ball, location: 2F
2-2: Fly out, F7 (Flyball, 7D)
Top of the 1st over - 0 run(s), 1 hit(s), 0 error(s), 1 left on base; Austin 0 - Northern Virginia 0
BOTTOM OF THE 1ST
Northern Virginia Retrievers batting - Pitching for Austin Rangers : LHP Tetsuzan Kaneko
Pitching: LHP Tetsuzan Kaneko
Batting: LHB Roberto Salazar 0-0: Called Strike
0-1: SINGLE (Groundball, 3)
Batting: SHB Ramiro Salazar 0-0: Foul Ball, location: 2F
0-1: Ball
Roberto Salazar is caught stealing 2nd base
1-1: Ball
2-1: Called Strike
2-2: Foul Ball, location: 2F
2-2: Ground out 6-3 (Groundball, 6M)
Batting: RHB Iván Pérez 0-0: Called Strike
0-1: Foul Ball, location: 2F
0-2: Ball
1-2: Strikes out swinging
Bottom of the 1st over - 0 run(s), 1 hit(s), 0 error(s), 0 left on base; Austin 0 - Northern Virginia 0
TOP OF THE 2ND
Austin Rangers batting - Pitching for Northern Virginia Retrievers : RHP Brian Wheeler
Batting: RHB Max White 0-0: Ball
1-0: Swinging Strike
1-1: Foul Ball, location: 2F
1-2: Foul Ball, location: 2F
1-2: Strikes out looking
Batting: RHB Joaquín Parra 0-0: Ball
1-0: Called Strike
1-1: Called Strike
1-2: Strikes out swinging
Batting: RHB Randy Gregory 0-0: Ground out 5-3 (Groundball, 5)
Top of the 2nd over - 0 run(s), 0 hit(s), 0 error(s), 0 left on base; Austin 0 - Northern Virginia 0
BOTTOM OF THE 2ND
Northern Virginia Retrievers batting - Pitching for Austin Rangers : LHP Tetsuzan Kaneko
Batting: RHB José Rodríguez 0-0: Ball
1-0: Foul Ball, location: 2F
1-1: Ball
2-1: Ball
3-1: Base on Balls
Batting: RHB Carl Good 0-0: Ball
1-0: Called Strike
1-1: Fly out, F7 (Flyball, 78XD)
Batting: RHB Donald Stanley 0-0: Ball
1-0: Foul Ball, location: 2F
1-1: SINGLE (Line Drive, 8LS)
José Rodríguez to second
Batting: RHB Harris Harden 0-0: Called Strike
0-1: Fly out, F6 (Popup, 5DF)
Batting: RHB Micheal Murdoch 0-0: Ball
1-0: Called Strike
1-1: Fly out, F8 (Flyball, 8RD)
Bottom of the 2nd over - 0 run(s), 1 hit(s), 0 error(s), 2 left on base; Austin 0 - Northern Virginia 0
TOP OF THE 3RD
Austin Rangers batting - Pitching for Northern Virginia Retrievers : RHP Brian Wheeler
Batting: RHB Joseph Pate 0-0: Ball
1-0: Ball
2-0: SINGLE (Popup, 3L)
Batting: LHB Tetsuzan Kaneko 0-0: Called Strike
0-1: Ball
1-1: Bunted foul
1-2: Ball
2-2: Bunted foul, Strikeout!
Batting: LHB Phil Ritchie 0-0: Ground out 1-3 (Groundball, 2L)
Joseph Pate to second
Batting: SHB Todd Schenkel 0-0: Foul Ball, location: 2F
0-1: Fly out, F2 (Popup, 2L)
Top of the 3rd over - 0 run(s), 1 hit(s), 0 error(s), 1 left on base; Austin 0 - Northern Virginia 0
BOTTOM OF THE 3RD
Northern Virginia Retrievers batting - Pitching for Austin Rangers : LHP Tetsuzan Kaneko
Batting: LHB Brian Wheeler 0-0: Called Strike
0-1: Foul Ball, location: 2F
0-2: Ball
1-2: Ground out 6-3 (Groundball, 6)
Batting: LHB Roberto Salazar 0-0: Foul Ball, location: 2F
0-1: SINGLE (Line Drive, 7S)
Batting: SHB Ramiro Salazar 0-0: Ball
1-0: Grounds into double play, 1-6-3 (Groundball, 15)
Bottom of the 3rd over - 0 run(s), 1 hit(s), 0 error(s), 0 left on base; Austin 0 - Northern Virginia 0
TOP OF THE 4TH
Austin Rangers batting - Pitching for Northern Virginia Retrievers : RHP Brian Wheeler
Batting: LHB Trent Kershaw 0-0: Swinging Strike
0-1: SINGLE (Line Drive, 89S)
Batting: RHB Justin Maldonado 0-0: Ball
1-0: Ball
2-0: Ball
3-0: Called Strike
3-1: Base on Balls
Trent Kershaw to second
Batting: RHB Max White 0-0: Foul Ball, location: 2F
0-1: Foul Ball, location: 2F
0-2: Ball
1-2: Ball
2-2: Ball
3-2: Fly out, F7 (Flyball, 7M)
Batting: RHB Joaquín Parra 0-0: Called Strike
0-1: Foul Ball, location: 2F
0-2: Ball
1-2: Grounds into double play, 6-4-3 (Groundball, 6M)
Top of the 4th over - 0 run(s), 1 hit(s), 0 error(s), 1 left on base; Austin 0 - Northern Virginia 0
BOTTOM OF THE 4TH
Northern Virginia Retrievers batting - Pitching for Austin Rangers : LHP Tetsuzan Kaneko
Batting: RHB Iván Pérez 0-0: Called Strike
0-1: Ball
1-1: Ground out 5-3 (Groundball, 5S)
Batting: RHB José Rodríguez 0-0: Called Strike
0-1: Ball
1-1: Foul Ball, location: 2F
1-2: Ball
2-2: Foul Ball, location: 2F
2-2: Foul Ball, location: 2F
2-2: Fly out, F7 (Flyball, 7LM)
Batting: RHB Carl Good 0-0: Called Strike
0-1: Foul Ball, location: 2F
0-2: Ball
1-2: Ball
2-2: Foul Ball, location: 2F
2-2: SINGLE (Line Drive, 7S)
Batting: RHB Donald Stanley 0-0: Foul Ball, location: 2F
0-1: Foul Ball, location: 2F
0-2: Strikes out swinging
Bottom of the 4th over - 0 run(s), 1 hit(s), 0 error(s), 1 left on base; Austin 0 - Northern Virginia 0
TOP OF THE 5TH
Austin Rangers batting - Pitching for Northern Virginia Retrievers : RHP Brian Wheeler
Batting: RHB Randy Gregory 0-0: Ball
1-0: Foul Ball, location: 2F
1-1: Foul Ball, location: 2F
1-2: Fly out, F7 (Line Drive, 78M)
Batting: RHB Joseph Pate 0-0: Ball
1-0: Swinging Strike
1-1: Swinging Strike
1-2: Ground out 6-3 (Groundball, 6)
Batting: LHB Tetsuzan Kaneko 0-0: Ball
1-0: Ground out 4-3 (Groundball, 34)
Top of the 5th over - 0 run(s), 0 hit(s), 0 error(s), 0 left on base; Austin 0 - Northern Virginia 0
BOTTOM OF THE 5TH
Northern Virginia Retrievers batting - Pitching for Austin Rangers : LHP Tetsuzan Kaneko
Batting: RHB Harris Harden 0-0: Swinging Strike
0-1: Foul Ball, location: 2F
0-2: Strikes out swinging
Batting: RHB Micheal Murdoch 0-0: Fly out, F3 (Popup, 3F)
Batting: LHB Brian Wheeler 0-0: Called Strike
0-1: DOUBLE (Groundball, 5L)
Batting: LHB Roberto Salazar 0-0: Called Strike
0-1: Foul Ball, location: 2F
0-2: Ground out 4-3 (Groundball, 4)
Bottom of the 5th over - 0 run(s), 1 hit(s), 0 error(s), 1 left on base; Austin 0 - Northern Virginia 0
TOP OF THE 6TH
Austin Rangers batting - Pitching for Northern Virginia Retrievers : RHP Brian Wheeler
Batting: LHB Phil Ritchie 0-0: Called Strike
0-1: Called Strike
0-2: Ball
1-2: Strikes out looking
Batting: SHB Todd Schenkel 0-0: Called Strike
0-1: Called Strike
0-2: SINGLE (Groundball, 6M)
Batting: LHB Trent Kershaw 0-0: SINGLE (Line Drive, 7S)
Todd Schenkel to second
Batting: RHB Justin Maldonado 0-0: Ball
1-0: Ball
2-0: Swinging Strike
Passed Ball!
Todd Schenkel to third
Trent Kershaw to second
2-1: Ball
3-1: Called Strike
3-2: Foul Ball, location: 2F
3-2: Fly out, F3 (Popup, 3SF)
Batting: RHB Max White 0-0: Foul Ball, location: 2F
0-1: Called Strike
0-2: Ball
1-2: Ball
2-2: Ground out 5-3 (Groundball, 5)
Top of the 6th over - 0 run(s), 2 hit(s), 0 error(s), 2 left on base; Austin 0 - Northern Virginia 0
BOTTOM OF THE 6TH
Northern Virginia Retrievers batting - Pitching for Austin Rangers : LHP Tetsuzan Kaneko
Batting: SHB Ramiro Salazar 0-0: Ball
1-0: Foul Ball, location: 2F
1-1: Ground out 6-3 (Groundball, 6)
Batting: RHB Iván Pérez 0-0: Ball
1-0: Called Strike
1-1: Ball
2-1: Ball
3-1: Foul Ball, location: 2F
3-2: Foul Ball, location: 2F
3-2: SOLO HOME RUN (Flyball, 7D), Distance : 398 ft
Batting: RHB José Rodríguez 0-0: Foul Ball, location: 2F
0-1: Ball
1-1: Ball
2-1: Fly out, F4 (Line Drive, 4M)
Batting: RHB Carl Good 0-0: Ball
1-0: Foul Ball, location: 2F
1-1: Ground out 5-3 (Groundball, 56)
Bottom of the 6th over - 1 run(s), 1 hit(s), 0 error(s), 0 left on base; Austin 0 - Northern Virginia 1
TOP OF THE 7TH
Austin Rangers batting - Pitching for Northern Virginia Retrievers : RHP Brian Wheeler
Batting: RHB Joaquín Parra 0-0: Ball
1-0: Ball
2-0: Ball
3-0: Called Strike
3-1: Swinging Strike
3-2: Ground out 5-3 (Groundball, 5L)
Batting: RHB Randy Gregory 0-0: Foul Ball, location: 2F
0-1: Ball
1-1: Ball
2-1: Fly out, F2 (Popup, 2RF)
Batting: RHB Joseph Pate 0-0: Ball
1-0: Ball
2-0: Foul Ball, location: 2F
2-1: Foul Ball, location: 2F
2-2: Ground out 4-3 (Groundball, 4M)
Top of the 7th over - 0 run(s), 0 hit(s), 0 error(s), 0 left on base; Austin 0 - Northern Virginia 1
BOTTOM OF THE 7TH
Northern Virginia Retrievers batting - Pitching for Austin Rangers : LHP Tetsuzan Kaneko
Batting: RHB Donald Stanley 0-0: Swinging Strike
0-1: Ball
1-1: Fly out, F6 (Line Drive, 6)
Batting: RHB Harris Harden 0-0: Ball
1-0: Swinging Strike
1-1: Called Strike
1-2: Strikes out swinging
Batting: RHB Micheal Murdoch 0-0: Ball
1-0: Ball
2-0: Ball
3-0: Called Strike
3-1: DOUBLE (Flyball, 89XD)
Pinch Hitting: RHB Chris Lowe 0-0: Fly out, F4 (Popup, 3DF)
Bottom of the 7th over - 0 run(s), 1 hit(s), 0 error(s), 1 left on base; Austin 0 - Northern Virginia 1
TOP OF THE 8TH
Austin Rangers batting - Pitching for Northern Virginia Retrievers : RHP Brian Wheeler
Pitching: LHP Manuel Garza
Pinch Hitting: RHB Chip Teague 0-0: Foul Ball, location: 2F
0-1: Ball
1-1: Foul Ball, location: 2F
1-2: Foul Ball, location: 2F
1-2: Ball
2-2: Foul Ball, location: 2F
2-2: Strikes out looking
Pitching: LHP Kamal Bataille
Batting: LHB Phil Ritchie 0-0: Ball
1-0: Called Strike
1-1: Ball
2-1: Swinging Strike
2-2: Ball
3-2: Strikes out swinging
Pitching: LHP Joe Kehoe
Batting: SHB Todd Schenkel 0-0: Called Strike
0-1: Swinging Strike
0-2: Strikes out swinging
Top of the 8th over - 0 run(s), 0 hit(s), 0 error(s), 0 left on base; Austin 0 - Northern Virginia 1
BOTTOM OF THE 8TH
Northern Virginia Retrievers batting - Pitching for Austin Rangers : LHP Tetsuzan Kaneko
Pitching: LHP Harry Evans
Batting: LHB Roberto Salazar 0-0: Ball
1-0: Ball
2-0: Foul Ball, location: 2F
2-1: Ball
3-1: Base on Balls
Batting: SHB Ramiro Salazar 0-0: Called Strike
0-1: Ball
1-1: Ball
2-1: Ball
3-1: Base on Balls
Roberto Salazar to second
Batting: RHB Iván Pérez 0-0: Ball
Throwing error on steal attempt, E2
Roberto Salazar scores
Ramiro Salazar to third
1-0: Intentional Walk
Batting: RHB José Rodríguez 0-0: Ball
1-0: Fly out, F9 (Flyball, 9LMF)
Runner from 3rd tags up, SCORES, throw made
Batting: RHB Carl Good 0-0: Grounds into double play, 4-6-3 (Groundball, 4)
Bottom of the 8th over - 2 run(s), 0 hit(s), 1 error(s), 0 left on base; Austin 0 - Northern Virginia 3
TOP OF THE 9TH
Austin Rangers batting - Pitching for Northern Virginia Retrievers : LHP Joe Kehoe
Pitching: RHP Kyung-un Yi
Batting: LHB Trent Kershaw 0-0: Ball
1-0: Ball
2-0: Called Strike
2-1: Ground out 4-3 (Groundball, 4)
Batting: RHB Justin Maldonado 0-0: Ball
1-0: Called Strike
1-1: Ball
2-1: Foul Ball, location: 2F
2-2: Strikes out swinging
Batting: RHB Max White 0-0: Ball
1-0: Ground out 4-3 (Groundball, 13)
Top of the 9th over - 0 run(s), 0 hit(s), 0 error(s), 0 left on base; Austin 0 - Northern Virginia 3
This league is powered by Out of the Park Baseball, the baseball management simulation game for PC, Mac and Linux
Friday, October 23rd, 2015 - OOTP Baseball 16.9 Build 39